 Dungeon Crawl Stone Soup version 0.20-a0-470-gbb038bd (webtiles) character file.

58 Halberto the Twirler (level 4, 0/26 HPs)
             Began as a Gargoyle Gladiator on Jan 13, 2017.
             Slain by a gnoll
             ... wielding a +0 spear
              (1 damage)
             ... on level 2 of the Dungeon.
             The game lasted 00:02:41 (662 turns).

Halberto the Twirler (Gargoyle Gladiator)            Turns: 662, Time: 00:02:42

Health: 0/26       AC:  8    Str: 17    XL:     4   Next: 1%
Magic:  4/4        EV: 12    Int:  9    God:
Gold:   67         SH:  0    Dex: 12    Spells: 3/3 levels left

rFire  . . .     SeeInvis .     a - +0 quarterstaff
rCold  . . .     Gourm    .     b - +0 leather armour
rNeg   + . .     Faith    .     (shield currently unavailable)
rPois  ∞         Spirit   .     c - +0 helmet
rElec  +         Reflect  .     o - +0 cloak (curse)
rCorr  +         Harm     .     (no gloves)
MR     .....                    (no boots)
Stlth  +.........               (no amulet)
                                (no ring)
                                i - ring of resist corrosion

@: no status effects
A: negative energy resistance 1, electricity resistance, unbreathing,
petrification resistance, rot immunity, AC +3
a: no special abilities


You were on level 2 of the Dungeon.
You were not hungry.

You visited 1 branch of the dungeon, and saw 2 of its levels.

You collected 67 gold pieces.

Inventory:

Hand Weapons
 a - a +0 quarterstaff (weapon)
Missiles
 d - 3 throwing nets
 e - 3 javelins (quivered)
Armour
 b - a +0 leather armour (worn)
 c - a +0 helmet (worn)
 o - a cursed +0 cloak (worn)
Jewellery
 i - a ring of resist corrosion (left hand)
Scrolls
 g - 2 scrolls of teleportation {unknown}
 j - 3 scrolls of identify {unknown}
 m - a scroll of remove curse {unknown}
 n - a scroll of amnesia {unknown}
Potions
 k - a potion of beneficial mutation {unknown}
Comestibles
 f - a bread ration
 h - 7 chunks of flesh
 l - a meat ration


   Skills:
 - Level 2.1 Fighting
 + Level 4.7 Staves
 - Level 1.7 Throwing
 - Level 2.4 Dodging


You had 3 spell levels left.
You didn't know any spells.

Dungeon Overview and Level Annotations

Branches:
Dungeon (2/15)

Altars:


Innate Abilities, Weirdness & Mutations

You are resistant to torment.
Your stone body is resilient. (AC +3)
You are immune to poison.
You resist negative energy. (rN+)
You are resistant to electric shocks. (rElec)
You can survive without breathing.
You are immune to petrification.
You are immune to rotting.


Message History

The gnoll is heavily wounded.
The gnoll hits you but does no damage. The gnoll closely misses you.
The gnoll hits you from afar with a spear.
* * * LOW HITPOINT WARNING * * *
You sock the gnoll!
You kill the gnoll!
You have reached level 4!
You feel clever. The gnoll hits you but does no damage. The gnoll misses you.
You see here a spear.
You barely miss the gnoll. The gnoll closely misses you.
Some of the chunks of flesh in your inventory have rotted away.
You hit the gnoll.
The gnoll is heavily wounded.
The gnoll closely misses you.
You barely miss the gnoll.
The gnoll is heavily wounded.
The gnoll hits you with a spear.
You die...

#........ #........#
.......... #.......#
#.......# #.......#
#############.......#
#..........)@g......#
#......#######.######
#........# #...g.#
#.PP...#.# #######
####.#.#.# #.#.#.#
#.#.#.# #...#.#
#####.#


You could see a gnoll.

Vanquished Creatures
  3 gnolls (D:2)
  2 dart slugs (D:1)
  7 bats (D:1)
  A giant cockroach (D:1)
  3 goblins
  3 kobolds (D:1)
  2 ball pythons (D:1)
  2 frilled lizards (D:1)
  A quokka skeleton (D:2)
  4 rats (D:1)
28 creatures vanquished.

Notes
Turn   | Place    | Note
-------+----------+-------------------------------------------
     0 | D:1      | Halberto the Gargoyle Gladiator began the quest for the Orb.
     0 | D:1      | Reached XP level 1. HP: 12/12 MP: 1/1
   154 | D:1      | Reached XP level 2. HP: 15/17 MP: 2/2
   493 | D:1      | Reached skill level 4 in Staves
   576 | D:1      | Reached XP level 3. HP: 21/21 MP: 3/3
   657 | D:2      | HP: 1/21 [gnoll/spear (2)]
   658 | D:2      | Reached XP level 4. HP: 1/26 MP: 4/4
   662 | D:2      | Slain by a gnoll

Vault maps used:
D:1:      eino_arrival_cavern_e, minmay_distorted
D:2:      lemuel_coloured_pillars_altar, serial_undead, serial_undead_e,
          serial_undead_b, serial_undead_e, serial_undead_a, serial_undead_b,
          serial_undead_e, serial_undead_d, serial_undead_c, serial_undead_f,
          serial_undead_e, tgw_trog, uniq_robin, uniq_natasha

Skill      XL: |  1  2 |
---------------+-------+-----
Staves         | 4 |  4.7
Fighting       | |  2.1
Throwing       | |  1.7
Dodging        | |  2.4

Action                   |  1- 3 |  4- 6 || total
-------------------------+-------+-------++-------
Melee: Quarterstaff      |    72 |     3 ||    75
Armor: Leather armour    |    36 |     1 ||    37
Dodge: Dodged            |    42 |     3 ||    45
